 Dungeon Crawl Stone Soup version 0.30-a0-782-ge64f9170bb (webtiles) character file.

Game seed: 6091076720124875114

367 HoaS the Shooter (level 6, 0/48 HPs)
             Began as a Demigod Hunter on Mar 5, 2023.
             Slain by Duvessa
             ... wielding a +0 short sword
              (6 damage)
             ... on level 4 of the Dungeon.
             The game lasted 00:08:15 (2928 turns).

HoaS the Shooter (Demigod Hunter)                   Turns: 2928, Time: 00:08:15

Health: 0/48       AC:  5    Str: 12    XL:     6   Next: 17%
Magic:  8/8        EV: 12    Int: 11    God:
Gold:   1298       SH:  5    Dex: 25    Spells: 5/5 levels left

rFire   . . .      SeeInvis +    a - +0 shortbow
rCold   . . .      Faith    .    (shield currently unavailable)
rNeg    + . .      Spirit   .    c - +0 leather armour
rPois   .          Reflect  +    h - +0 helmet
rElec   .          Harm     .    m - +0 cloak
rCorr   .          Rampage  .    (no gloves)
Will    .....                    (no boots)
Stlth   ++                       o - amulet of reflection
HPRegen 0.28/turn                e - ring of positive energy
MPRegen 0.11/turn                k - ring of see invisible

@: no status effects
A: high MP 1, forlorn, divine attributes
a: no special abilities


You were on level 4 of the Dungeon.
You visited 1 branch of the dungeon, and saw 4 of its levels.

You collected 1298 gold pieces.

Inventory:

Hand Weapons
 a - a +0 shortbow (weapon)
Armour
 c - a +0 leather armour (worn)
 h - a +0 helmet (worn)
 m - a +0 cloak (worn)
Jewellery
 e - a ring of positive energy (left hand)
 k - a ring of see invisible (right hand)
 o - an amulet of reflection (around neck)
Wands
 p - a wand of digging (6)
Scrolls
 b - 2 scrolls of immolation
 j - a scroll of identify
 l - 2 scrolls of teleportation
Potions
 d - a potion of flight
 f - a potion of mutation
 g - a potion of curing
 i - 2 potions of lignification {unknown}
 n - 2 potions of brilliance {unknown}


   Skills:
 - Level 1.7 Fighting
 + Level 7.1 Ranged Weapons
 - Level 1.7 Dodging
 - Level 0.8 Stealth


You had 5 spell levels left.
You didn't know any spells.
Your spell library contained the following spells:

 Spells                   Type           Power      Damage    Failure   Level
 Foxfire                  Conj/Fire      0%         2x1d4     41%         1
 Sandblast                Erth           0%         2d4       41%         1
 Passwall                 Tmut/Erth      0%         N/A       56%         2
 Stone Arrow              Conj/Erth      0%         3d7       80%         3
 Fireball                 Conj/Fire      0%         3d3       100%        5
 Starburst                Conj/Fire      0%         6d3       100%        6


Dungeon Overview and Level Annotations

Branches:
Dungeon (4/15)
 Temple: D:4-7

Annotations:
D:3 2 transporters, Chingon's ghost, amateur MiFi
D:4 Duvessa


Innate Abilities, Weirdness & Mutations

You have an increased reservoir of magic. (+10% MP)
You shall have no god before yourself.
Your divine heritage dramatically boosts your attributes as you level up.


Message History

You shoot an arrow.
Duvessa shouts!
The arrow hits Duvessa.
Duvessa is lightly wounded.
Duvessa goes berserk!
You shoot an arrow. The arrow hits Duvessa.
Duvessa is moderately wounded.
You shoot an arrow.
The arrow hits Duvessa but does no damage.
Duvessa is moderately wounded.
You shoot an arrow.
The arrow hits Duvessa but does no damage.
Duvessa is moderately wounded.
You block Duvessa's attack.
You shoot an arrow. The arrow barely misses Duvessa.
Duvessa closely misses you. You block Duvessa's attack.
Okay, then.
You shoot an arrow. The arrow barely misses Duvessa.
Duvessa hits you with a +0 short sword.
You shoot an arrow. The arrow hits Duvessa!
Duvessa is moderately wounded.
Duvessa hits you with a +0 short sword. x2
You shoot an arrow. The arrow hits Duvessa.
Duvessa is heavily wounded.
Duvessa hits you with a +0 short sword! Duvessa barely misses you.
You shoot an arrow. The arrow barely misses Duvessa.
Duvessa hits you with a +0 short sword. Duvessa barely misses you.
You shoot an arrow.
The arrow hits Duvessa but does no damage.
Duvessa is heavily wounded.
Duvessa barely misses you. Duvessa closely misses you.
You shoot an arrow. The arrow hits Duvessa!
Duvessa is heavily wounded.
Duvessa hits you with a +0 short sword!
* * * LOW HITPOINT WARNING * * *
You shoot an arrow.
The arrow hits Duvessa but does no damage.
Duvessa is heavily wounded.
Duvessa closely misses you. Duvessa hits you with a +0 short sword.
You die...

...).. ......#
.....######
....#....# ...#@#
#'##e##.####
o######.#)).......
.
....).......#.####
## ######.###.# #
# . #.# .# # . e#
#.####'###.#.#
.#.#
#..........#.#..
e.
#..............#


You could see Duvessa (berserk).

Vanquished Creatures
  Dowan (D:4)
  3 jellies (D:4)
  An orc priest (D:4)
  An orc wizard (D:4)
  Robin (D:1)
  5 adders
  2 worms (D:2)
  10 dart slugs
  7 orcs (D:4)
  8 ball pythons
  5 endoplasms
  3 giant cockroaches
  12 goblins
  7 hobgoblins
  2 jackals (D:1)
  7 kobolds
  3 quokkas (D:1)
  A bat (D:2)
  3 frilled lizards
  2 rats
84 creatures vanquished.

Notes
Turn   | Place    | Note
-------+----------+-------------------------------------------
     0 | D:1      | HoaS the Demigod Hunter began the quest for the Orb.
     0 | D:1      | Reached XP level 1. HP: 17/17 MP: 3/3
   107 | D:1      | Reached skill level 4 in Ranged Weapons
   193 | D:1      | Reached XP level 2. HP: 24/24 MP: 4/4
   851 | D:2      | Noticed Robin
   871 | D:1      | Killed Robin
   872 | D:1      | Reached XP level 3. HP: 18/29 MP: 5/5
  1093 | D:2      | Reached skill level 5 in Ranged Weapons
  1266 | D:2      | Reached XP level 4. HP: 36/36 MP: 6/6
  2118 | D:3      | Found a transporter.
  2124 | D:3      | Noticed Chingon's ghost (amateur MiFi)
  2126 | D:3      | Found a transporter.
  2412 | D:4      | Reached skill level 6 in Ranged Weapons
  2412 | D:4      | Reached XP level 5. HP: 41/41 MP: 7/7
  2413 | D:4      | Identified a scroll of acquirement
  2413 | D:4      | Acquired 1105 gold pieces
  2677 | D:4      | Noticed Duvessa
  2677 | D:4      | Noticed Dowan
  2859 | D:4      | Reached XP level 6. HP: 48/48 MP: 8/8
  2903 | D:4      | Killed Dowan
  2904 | D:4      | Reached skill level 7 in Ranged Weapons
  2928 | D:4      | Slain by Duvessa

Illustrated notes

Levels and vault maps discovered:
D:1:      saegor_arrival_simple_b, layout_loops_ring,
          hellmonk_ecumenical_altar_prayer_group
D:2:      layout_rooms, chequers_serial_rivers_large_b,
          chequers_serial_rivers_marsh, minmay_statues_item, uniq_robin
D:3:      kennysheep_slugbush, layout_basic,
          mainiacjoe_overflow_surrounded_room, gammafunk_ghost_mausoleum
D:4:      layout_basic, lemuel_crystal_altar, uniq_duvessa

Skill      XL: |  1  2  3  4  5  6 |
---------------+-------------------+-----
Ranged Weapons | 4 5 6 7 |  7.1
Fighting       | |  1.7
Dodging        | |  1.7
Stealth        | |  0.8

Action                     |  1- 3 |  4- 6 || total
---------------------------+-------+-------++-------
   Fire: Shortbow          |   121 |   123 ||   244
    Use: Scroll            |     2 |    11 ||    13
 Armour: Leather armour    |    21 |    10 ||    31
  Dodge: Dodged            |    53 |    23 ||    76
  Block: Other             |       |     6 ||     6

Table legend: (Time is in decaauts)
 A = Elapsed time spent in this place.
 B = Non-inter-level travel time spent in this place.
 C = Inter-level travel time spent in this place.
 D = Time resting spent in this place.
 E = Time spent auto-exploring this place.
 F = Levels seen in this place.
 G = Mean time per level.
                   A        B        C        D        E       F      G
               +--------+--------+--------+--------+--------+-----+--------+
         Total |   3034 |   2957 |     77 |    533 |   1916 |   4 |  758.5 |
       Dungeon |   3034 |   2957 |     77 |    533 |   1916 |   4 |  758.5 |
               +--------+--------+--------+--------+--------+-----+--------+

Top non-repeatable levels by time:
     D:1: 911 daAuts
     D:3: 808 daAuts
     D:2: 763 daAuts
     D:4: 551 daAuts
